TOP OF THE 1ST |
Seattle Rainiers batting - Pitching for Jasper Cougars : LHP Júlio Aguilar
|
Pitching: LHP Júlio Aguilar
|
|
Batting: RHB Aaron Holt
|
0-0: Ball 1-0: Called Strike 1-1: Foul Ball, location: 2F 1-2: Foul Ball, location: 2F 1-2: Foul Ball, location: 2F 1-2: Ball 2-2: Foul Ball, location: 2F 2-2: Foul Ball, location: 2F 2-2: Strikes out swinging
|
Batting: RHB Pedro Rodríguez
|
0-0: Called Strike 0-1: Ball 1-1: Called Strike 1-2: Ball 2-2: Fly out, F3 (Line Drive, 3S)
|
Batting: LHB Brian Boone
|
0-0: Called Strike 0-1: Ball 1-1: Fly out, F7 (Flyball, 7M)
|
Top of the 1st over - 0 run(s), 0 hit(s), 0 error(s), 0 left on base; Seattle 0 - Jasper 0 |
BOTTOM OF THE 1ST |
Jasper Cougars batting - Pitching for Seattle Rainiers : RHP Beau Murphy
|
Pitching: RHP Beau Murphy
|
|
Batting: RHB Dave Parker
|
0-0: Ball 1-0: Swinging Strike 1-1: Called Strike 1-2: Ball 2-2: Foul Ball, location: 2F 2-2: Foul Ball, location: 2F 2-2: Strikes out looking
|
Batting: LHB Jon Scott
|
0-0: Ball 1-0: Called Strike 1-1: Fly out, F7 (Popup, 56D)
|
Batting: RHB Earl Wiggins
|
0-0: Ball 1-0: Ball 2-0: Called Strike 2-1: Ball 3-1: Base on Balls
|
Batting: RHB Jesús Hernández
|
0-0: Called Strike 0-1: Foul Ball, location: 2F 0-2: Foul Ball, location: 2F 0-2: Ball 1-2: Foul Ball, location: 2F 1-2: Ball 2-2: DOUBLE (Flyball, 7LS) Earl Wiggins to third
|
Batting: SHB Ron Edwards
|
0-0: Swinging Strike 0-1: Ball 1-1: Fly out, F6 (Popup, 6D)
|
Bottom of the 1st over - 0 run(s), 1 hit(s), 0 error(s), 2 left on base; Seattle 0 - Jasper 0 |
TOP OF THE 2ND |
Seattle Rainiers batting - Pitching for Jasper Cougars : LHP Júlio Aguilar
|
Batting: RHB Chris Parker
|
0-0: Ball 1-0: Fly out, F8 (Flyball, 8RM)
|
Batting: RHB Alejandro Ramos
|
0-0: Ball 1-0: Ball 2-0: Ball 3-0: Called Strike 3-1: Base on Balls
|
Batting: LHB Tom Baker
|
0-0: Foul Ball, location: 2F 0-1: Swinging Strike 0-2: Ball 1-2: Ball 2-2: Fly out, F7 (Line Drive, 78S)
|
Batting: LHB Tony Rivera
|
0-0: SINGLE (Groundball, 56D) (infield hit) Alejandro Ramos to second
|
Batting: LHB Norbert Mosley
|
0-0: Foul Ball, location: 2F 0-1: Ground out 3-1 (Groundball, 34S)
|
Top of the 2nd over - 0 run(s), 1 hit(s), 0 error(s), 2 left on base; Seattle 0 - Jasper 0 |
BOTTOM OF THE 2ND |
Jasper Cougars batting - Pitching for Seattle Rainiers : RHP Beau Murphy
|
Batting: RHB Dan Hooper
|
0-0: Ball 1-0: Called Strike 1-1: Ball 2-1: Ball 3-1: Foul Ball, location: 2F 3-2: Strikes out swinging
|
Batting: LHB Pepe Vázquez
|
0-0: Foul Ball, location: 2F 0-1: Ball 1-1: Ball 2-1: Ball 3-1: Called Strike 3-2: Base on Balls
|
Batting: RHB Juan Carlos
|
0-0: Grounds into double play, 4-6-3 (Groundball, 4M)
|
Bottom of the 2nd over - 0 run(s), 0 hit(s), 0 error(s), 0 left on base; Seattle 0 - Jasper 0 |
TOP OF THE 3RD |
Seattle Rainiers batting - Pitching for Jasper Cougars : LHP Júlio Aguilar
|
Batting: RHB Bill Dawson
|
0-0: Ball 1-0: Called Strike 1-1: Called Strike 1-2: Reached on error, E6 (Groundball, 6)
|
Batting: RHB Aaron Holt
|
0-0: Called Strike 0-1: Ball 1-1: Foul Ball, location: 2F 1-2: Ball 2-2: Ball 3-2: Base on Balls Bill Dawson to second
|
Batting: RHB Pedro Rodríguez
|
0-0: Called Strike 0-1: Ball 1-1: Ball 2-1: Ball 3-1: Foul Ball, location: 2F 3-2: Fielders Choice at 2nd, 6-4 (Groundball, 6M) Bill Dawson to third
|
Batting: LHB Brian Boone
|
Pickoff Throw to First - Out! 0-0: Ball 1-0: Swinging Strike 1-1: SINGLE (Groundball, 4M) Bill Dawson scores
|
Batting: RHB Chris Parker
|
0-0: Called Strike Brian Boone steals 2nd base 0-1: Ball 1-1: Ball 2-1: Ground out 4-3 (Groundball, 4)
|
Top of the 3rd over - 1 run(s), 1 hit(s), 1 error(s), 1 left on base; Seattle 1 - Jasper 0 |
BOTTOM OF THE 3RD |
Jasper Cougars batting - Pitching for Seattle Rainiers : RHP Beau Murphy
|
Batting: RHB Greg King
|
0-0: Fly out, F2 (Popup, 2RF)
|
Batting: RHB Dave Parker
|
0-0: Called Strike 0-1: Swinging Strike 0-2: Foul Ball, location: 2F 0-2: Foul Ball, location: 2F 0-2: Ball 1-2: DOUBLE (Groundball, 5L)
|
|
|
Batting: LHB Jon Scott
|
0-0: Ball 1-0: Called Strike 1-1: Called Strike 1-2: Ball 2-2: Fly out, F8 (Flyball, 78M)
|
Batting: RHB Earl Wiggins
|
0-0: Called Strike 0-1: Called Strike 0-2: Ball 1-2: Ball 2-2: Strikes out swinging
|
Bottom of the 3rd over - 0 run(s), 1 hit(s), 0 error(s), 1 left on base; Seattle 1 - Jasper 0 |
TOP OF THE 4TH |
Seattle Rainiers batting - Pitching for Jasper Cougars : LHP Júlio Aguilar
|
Batting: RHB Alejandro Ramos
|
0-0: Ball 1-0: Swinging Strike 1-1: Ground out 4-3 (Groundball, 4)
|
Batting: LHB Tom Baker
|
0-0: Called Strike 0-1: Ball 1-1: Foul Ball, location: 2F 1-2: SINGLE (Groundball, 4MD)
|
Batting: LHB Tony Rivera
|
0-0: Ball 1-0: Ball 2-0: Fly out, F5 (Popup, 5S)
|
Batting: LHB Norbert Mosley
|
0-0: Ball 1-0: Called Strike 1-1: Ball Wild Pitch! Tom Baker to second 2-1: Foul Ball, location: 2F 2-2: Ball 3-2: Foul Ball, location: 2F 3-2: 2-RUN HOME RUN (Flyball, 89XD), Distance : 406 ft
|
Batting: RHB Bill Dawson
|
0-0: Ball 1-0: Foul Ball, location: 2F 1-1: Ball 2-1: Foul Ball, location: 2F 2-2: Strikes out swinging
|
Top of the 4th over - 2 run(s), 2 hit(s), 0 error(s), 0 left on base; Seattle 3 - Jasper 0 |
BOTTOM OF THE 4TH |
Jasper Cougars batting - Pitching for Seattle Rainiers : RHP Beau Murphy
|
Batting: RHB Jesús Hernández
|
0-0: Called Strike 0-1: Fly out, F9 (Flyball, 89S)
|
Batting: SHB Ron Edwards
|
0-0: Ball 1-0: SINGLE (Groundball, 56D)
|
Batting: RHB Dan Hooper
|
0-0: Ball Wild Pitch! Ron Edwards to second 1-0: Called Strike 1-1: Swinging Strike 1-2: Ground out 6-3 (Groundball, 6M) Ron Edwards to third
|
Batting: LHB Pepe Vázquez
|
0-0: Swinging Strike 0-1: Called Strike 0-2: Foul Ball, location: 2F 0-2: Strikes out swinging
|
Bottom of the 4th over - 0 run(s), 1 hit(s), 0 error(s), 1 left on base; Seattle 3 - Jasper 0 |
TOP OF THE 5TH |
Seattle Rainiers batting - Pitching for Jasper Cougars : LHP Júlio Aguilar
|
Batting: RHB Aaron Holt
|
0-0: Called Strike 0-1: Ball 1-1: Ball 2-1: DOUBLE (Line Drive, 7LM)
|
Batting: RHB Pedro Rodríguez
|
0-0: Ball 1-0: Called Strike 1-1: Ground out 6-3 (Groundball, 6) Aaron Holt to third
|
Batting: LHB Brian Boone
|
0-0: Foul Ball, location: 2F 0-1: Ball 1-1: Ground out 6-3 (Groundball, 6) Aaron Holt scores
|
Batting: RHB Chris Parker
|
0-0: Foul Ball, location: 2F 0-1: Called Strike 0-2: Foul Ball, location: 2F 0-2: Ball 1-2: Ball 2-2: Fly out, F4 (Line Drive, 4)
|
Top of the 5th over - 1 run(s), 1 hit(s), 0 error(s), 0 left on base; Seattle 4 - Jasper 0 |
BOTTOM OF THE 5TH |
Jasper Cougars batting - Pitching for Seattle Rainiers : RHP Beau Murphy
|
Batting: RHB Juan Carlos
|
0-0: Called Strike 0-1: Ball 1-1: Swinging Strike 1-2: Ball 2-2: Ground out 5-3 (Groundball, 5S)
|
Batting: RHB Greg King
|
0-0: Fly out, F9 (Flyball, 9LM)
|
Batting: RHB Dave Parker
|
0-0: Ball 1-0: Foul Ball, location: 2F 1-1: Foul Ball, location: 2F 1-2: Foul Ball, location: 2F 1-2: Ground out 5-3 (Groundball, 56)
|
Bottom of the 5th over - 0 run(s), 0 hit(s), 0 error(s), 0 left on base; Seattle 4 - Jasper 0 |
TOP OF THE 6TH |
Seattle Rainiers batting - Pitching for Jasper Cougars : LHP Júlio Aguilar
|
Pitching: RHP Steve Snyder
|
|
Batting: RHB Alejandro Ramos
|
0-0: Called Strike 0-1: Called Strike 0-2: Ball 1-2: Ball 2-2: Ball 3-2: Foul Ball, location: 2F 3-2: Base on Balls
|
Batting: LHB Tom Baker
|
0-0: Called Strike 0-1: SINGLE (Groundball, 56D) (infield hit) Alejandro Ramos to second
|
Batting: LHB Tony Rivera
|
0-0: Called Strike 0-1: Ball 1-1: Ball 2-1: Called Strike 2-2: Ball 3-2: Strikes out looking
|
Batting: LHB Norbert Mosley
|
0-0: Ball 1-0: Ball 2-0: Ball 3-0: Called Strike 3-1: Ground out U3 (Groundball, 3S) Alejandro Ramos to third Tom Baker to second
|
Batting: RHB Bill Dawson
|
0-0: Called Strike 0-1: Ball 1-1: Ball 2-1: Foul Ball, location: 2F 2-2: Foul Ball, location: 2F 2-2: Foul Ball, location: 2F 2-2: Strikes out looking
|
Top of the 6th over - 0 run(s), 1 hit(s), 0 error(s), 2 left on base; Seattle 4 - Jasper 0 |
BOTTOM OF THE 6TH |
Jasper Cougars batting - Pitching for Seattle Rainiers : RHP Beau Murphy
|
Batting: LHB Jon Scott
|
0-0: Swinging Strike 0-1: Called Strike 0-2: Strikes out swinging
|
Batting: RHB Earl Wiggins
|
0-0: Foul Ball, location: 2F 0-1: Foul Ball, location: 2F 0-2: Fly out, F2 (Popup, 2RF)
|
Batting: RHB Jesús Hernández
|
0-0: Fly out, F9 (Flyball, 9D)
|
Bottom of the 6th over - 0 run(s), 0 hit(s), 0 error(s), 0 left on base; Seattle 4 - Jasper 0 |
TOP OF THE 7TH |
Seattle Rainiers batting - Pitching for Jasper Cougars : RHP Steve Snyder
|
Batting: RHB Aaron Holt
|
0-0: Foul Ball, location: 2F 0-1: Foul Ball, location: 2F 0-2: Strikes out looking
|
Batting: RHB Pedro Rodríguez
|
0-0: Ball 1-0: Called Strike 1-1: Ball 2-1: Foul Ball, location: 2F 2-2: Strikes out swinging
|
Batting: LHB Brian Boone
|
0-0: Called Strike 0-1: Called Strike 0-2: Ball 1-2: Strikes out looking
|
Top of the 7th over - 0 run(s), 0 hit(s), 0 error(s), 0 left on base; Seattle 4 - Jasper 0 |
BOTTOM OF THE 7TH |
Jasper Cougars batting - Pitching for Seattle Rainiers : RHP Beau Murphy
|
Pitching: RHP Leo MacIntosh
|
|
Batting: SHB Ron Edwards
|
0-0: Foul Ball, location: 2F 0-1: Ball 1-1: Ball 2-1: Ball 3-1: Foul Ball, location: 2F 3-2: Foul Ball, location: 2F 3-2: Strikes out swinging
|
Batting: RHB Dan Hooper
|
0-0: Ball 1-0: Called Strike 1-1: DOUBLE (Line Drive, 78M)
|
Batting: LHB Pepe Vázquez
|
0-0: DOUBLE (Flyball, 78M) Dan Hooper scores
|
Batting: RHB Juan Carlos
|
0-0: Called Strike 0-1: Ball 1-1: Foul Ball, location: 2F 1-2: Foul Ball, location: 2F 1-2: Strikes out looking
|
Batting: RHB Greg King
|
0-0: Ball 1-0: Foul Ball, location: 2F 1-1: Foul Ball, location: 2F 1-2: SINGLE (Groundball, 2L) (infield hit) Pepe Vázquez to third
|
Batting: RHB Dave Parker
|
Pickoff Throw to First - Error! E1 Pepe Vázquez scores Greg King to second 0-0: Ball 1-0: SINGLE (Flyball, 78S) Greg King to third Runner from 3rd tries for Home, SAFE, no throw or cutoff
|
Pinch Hitting: LHB Enrique Valentín
|
0-0: Ball 1-0: Ball 2-0: Called Strike 2-1: Fly out, F9 (Flyball, 89M)
|
Bottom of the 7th over - 3 run(s), 4 hit(s), 1 error(s), 1 left on base; Seattle 4 - Jasper 3 |
TOP OF THE 8TH |
Seattle Rainiers batting - Pitching for Jasper Cougars : RHP Steve Snyder
|
Pitching: RHP José Orozco
|
|
Now in RF: Enrique Valentín
|
|
Batting: RHB Chris Parker
|
0-0: Foul Ball, location: 2F 0-1: Ball 1-1: Ball 2-1: DOUBLE (Flyball, 9LM)
|
Batting: RHB Alejandro Ramos
|
0-0: Ball Chris Parker steals 3rd base 1-0: Ball 2-0: Foul Ball, location: 2F 2-1: Foul Ball, location: 2F 2-2: Foul Ball, location: 2F 2-2: Strikes out swinging
|
Batting: LHB Tom Baker
|
0-0: Intentional Walk
|
Pinch Hitting: RHB José Gómez
|
0-0: Swinging Strike 0-1: Ball 1-1: Ball 2-1: Swinging Strike 2-2: Ball 3-2: Strikes out swinging
|
Pinch Hitting: SHB Glenn Vadnais
|
0-0: Ground out 3-1 (Groundball, 34)
|
Top of the 8th over - 0 run(s), 1 hit(s), 0 error(s), 2 left on base; Seattle 4 - Jasper 3 |
BOTTOM OF THE 8TH |
Jasper Cougars batting - Pitching for Seattle Rainiers : RHP Leo MacIntosh
|
Now at SS: Francisco Lópes
|
|
Now in RF: Glenn Vadnais
|
|
Batting: RHB Earl Wiggins
|
0-0: Called Strike 0-1: Ball 1-1: SOLO HOME RUN (Flyball, 78D), Distance : 383 ft
|
Pitching: RHP César Rodríguez
|
|
Batting: RHB Jesús Hernández
|
0-0: Ball 1-0: Ball 2-0: Ball 3-0: Base on Balls
|
Pinch Runner at 1st Manuel Pérez:
|
|
Batting: SHB Ron Edwards
|
0-0: Called Strike 0-1: SINGLE (Groundball, 3D) Manuel Pérez to second Runner from 2nd tries for 3rd, SAFE, no throw or cutoff
|
Batting: RHB Dan Hooper
|
0-0: Fly out, F9 (Flyball, 9D) Runner from 3rd tags up, SCORES, no throw
|
Batting: LHB Pepe Vázquez
|
0-0: Called Strike 0-1: Foul Ball, location: 2F 0-2: SINGLE (Line Drive, 9LS) Ron Edwards to second Runner from 2nd tries for 3rd, SAFE, throw made to third
|
Batting: RHB Juan Carlos
|
0-0: Called Strike Pepe Vázquez is caught stealing 2nd base 0-1: Ball 1-1: Ball 2-1: Ground out 6-3 (Groundball, 6)
|
Bottom of the 8th over - 2 run(s), 3 hit(s), 0 error(s), 1 left on base; Seattle 4 - Jasper 5 |
TOP OF THE 9TH |
Seattle Rainiers batting - Pitching for Jasper Cougars : RHP José Orozco
|
Pitching: RHP Ignacio Beltrán
|
|
Pinch Hitting: LHB Juan Viera
|
0-0: Swinging Strike 0-1: Ball 1-1: Swinging Strike 1-2: Ball 2-2: Strikes out looking
|
Batting: RHB Aaron Holt
|
0-0: Called Strike 0-1: Called Strike 0-2: Foul Ball, location: 2F 0-2: Foul Ball, location: 2F 0-2: Strikes out swinging
|
Batting: RHB Pedro Rodríguez
|
0-0: Called Strike 0-1: Called Strike 0-2: Strikes out looking
|
Top of the 9th over - 0 run(s), 0 hit(s), 0 error(s), 0 left on base; Seattle 4 - Jasper 5 |
|
|